 Dungeon Sprint DCSS version 0.20-a0-1127-g1289703 (webtiles) character file.

2552 potatolord6000 the Fighter (level 9, -1/81 HPs)
             Began as a Demonspawn Gladiator on May 18, 2017.
             Was an Initiate of Gozag.
             Slain by a 12-headed hydra (8 damage)
             ... in the Dungeon (Sprint IX: "|||||||||||||||||||||||||||||").
             The game lasted 00:03:49 (872 turns).

potatolord6000 the Fighter (Demonspawn Gladiator)    Turns: 872, Time: 00:03:49

Health: -1/81      AC: 15    Str: 17    XL:     9   Next: 31%
Magic:  9/9        EV: 14    Int: 12    God:    Gozag
Gold:   530        SH:  0    Dex: 23    Spells: 8/8 levels left

rFire    . . .     SeeInvis .   m - +0 lajatang
rCold    . . .     Gourm    .   (shield currently unavailable)
rNeg     . . .     Faith    .   o - +1 chain mail
rPois    .         Spirit   .   (helmet restricted)
rElec    .         Reflect  .   (no cloak)
rCorr    .         Harm     .   a - +0 pair of gloves
MR       .....     NoTele   +   n - +0 pair of boots
Stlth    ..........             (no amulet)
Regen    0.3/turn               b - +3 ring of dexterity
MPRegen  0.2/turn               p - +3 ring of intelligence

@: hasted, very quick
A: antennae 2, thin skeletal structure 2
a: Potion Petition, Call Merchant, Bribe Branch, Renounce Religion


You were in the Dungeon.
You worshipped Gozag.
Gozag was pleased with you.
You were not hungry.

You visited 1 branch You collected 1143 gold pieces.
You paid 613 gold pieces to Gozag.

Inventory:

Hand Weapons
 m - a +0 lajatang (weapon)
Armour
 a - a +0 pair of gloves (worn)
 c - a +0 helmet
 n - a +0 pair of boots (worn)
 o - a +1 chain mail (worn)
Jewellery
 b - a +3 ring of dexterity (left hand)
 p - a +3 ring of intelligence (right hand)
Scrolls
 h - 3 scrolls of remove curse
 k - 2 scrolls of blinking
 l - 2 scrolls of amnesia
 q - 2 scrolls of recharging
 r - a scroll of fog
 s - 3 scrolls of fear
Potions
 d - a potion of invisibility
 e - 6 potions of curing
 f - a potion of brilliance
 i - 4 potions of magic
 j - 4 potions of heal wounds


   Skills:
 + Level 11.0 Fighting
 + Level 10.3 Staves
 - Level 1.7 Throwing
 + Level 9.9 Armour
 + Level 10.3 Dodging


You had 8 spell levels left.
You didn't know any spells.

Dungeon Overview and Level Annotations

Branches:
Dungeon (1/1)

Altars:
Cheibriados
Dithmenos
Elyvilon
Fedhas
Gozag
Hepliaklqana
Kikubaaqudgha
Makhleb
Nemelex Xobeh
Okawaru
Qazlal
Ru
Sif Muna
Trog
Uskayaw
Vehumet
Wu Jian
Xom
Yredelemnul
Zin
The Shining One
Beogh
Jiyva
Lugonu

Shops:
D %


Innate Abilities, Weirdness & Mutations

You have a pair of antennae on your head.
You have a moderately thin skeletal structure. (Dex +4, Stealth+)


Message History

The ten-headed hydra bites you but does no damage. x3
The ten-headed hydra completely misses you.
The ten-headed hydra bites you but does no damage.
An elephant comes into view.
Unknown command.
You lop one of the ten-headed hydra's heads off!
The nine-headed hydra grows two more!
You slash the 11-headed hydra!
The 11-headed hydra is heavily wounded.
You slice one of the 11-headed hydra's heads off!
The ten-headed hydra grows two more!
You hit the 12-headed hydra.
The 12-headed hydra is heavily wounded.
The 12-headed hydra bites you! The 12-headed hydra barely misses you.
The 12-headed hydra bites you.
* * * LOW HITPOINT WARNING * * *
The 12-headed hydra bites you but does no damage. x2
The 12-headed hydra bites you!
* * * LOW HITPOINT WARNING * * *
The 12-headed hydra bites you!
You die...
Your body crumbles into a pile of gold. $$$$$$$$$ $${{{{{{{{{{{ ▓▓▓▓▓▓▓▓▓▓▓▓▓▓▓▓▓▓▓▓▓▓▓▓ {{{{{

{{ YSHtrFD@....)|......'...
▓▓▓▓▓▓▓▓▓▓▓▓▓▓▓▓▓▓▓▓▓▓▓▓▓▓▓▓▓▓▓▓▓
.................................
▓▓▓▓▓▓▓▓▓▓▓▓▓▓▓▓▓▓▓▓▓▓▓▓▓▓▓▓▓▓▓▓▓
____________________'...).'....÷'
▓▓▓▓▓▓▓▓▓▓▓▓▓▓▓▓▓▓▓▓▓▓▓▓▓▓▓▓▓▓▓▓▓


You could see a 12-headed hydra, an elephant, a hippogriff, a spiny frog, a
water moccasin, a crocodile and a porcupine.

Vanquished Creatures
  A centaur warrior (D)
  An unseen horror (D)
  A manticore (D)
  A cyclops (D)
  A troll (D)
  A hungry ghost (D)
  A water moccasin (D)
  A phantom (D)
  A wight (D)
  A crimson imp (D)
  A hound (D)
  2 shadow imps (D)
  An ooze (D)
  2 dart slugs (D)
  2 orcs (D)
  A giant cockroach (D)
  A jackal (D)
  A quokka (D)
  A bat (D)
22 creatures vanquished.

Notes
Turn   | Place    | Note
-------+----------+-------------------------------------------
     0 | D        | potatolord6000 the Demonspawn Gladiator began the quest for the Orb.
     0 | D        | Reached XP level 1. HP: 16/16 MP: 1/1
    12 | D        | Reached skill level 1 in Armour
    21 | D        | Gained mutation: You have a somewhat thin skeletal structure. (Dex +2, Stealth) [demonic ancestry]
    21 | D        | Reached XP level 2. HP: 9/23 MP: 2/2
   234 | D        | Noticed a phantom
   234 | D        | Noticed a crimson imp
   252 | D        | Killed a phantom
   252 | D        | Reached skill level 4 in Fighting
   252 | D        | Reached XP level 3. HP: 16/31 MP: 3/3
   252 | D        | Gained mutation: You have a moderately thin skeletal structure. (Dex +4, Stealth+) [demonic ancestry]
   252 | D        | Reached XP level 4. HP: 20/38 MP: 4/4
   263 | D        | Reached skill level 5 in Fighting
   263 | D        | Reached skill level 5 in Staves
   263 | D        | Reached skill level 5 in Dodging
   266 | D        | Reached XP level 5. HP: 21/44 MP: 5/5
   277 | D        | Found a roughly hewn altar of Beogh.
   277 | D        | Found a snail-covered altar of Cheibriados.
   277 | D        | Found a shadowy altar of Dithmenos.
   277 | D        | Found a white marble altar of Elyvilon.
   277 | D        | Found a blossoming altar of Fedhas.
   277 | D        | Found an opulent altar of Gozag.
   278 | D        | Found a hazy altar of Hepliaklqana.
   279 | D        | Found a viscous altar of Jiyva.
   280 | D        | Found an ancient bone altar of Kikubaaqudgha.
   281 | D        | Found a corrupted altar of Lugonu.
   282 | D        | Found a burning altar of Makhleb.
   283 | D        | Found a sparkling altar of Nemelex Xobeh.
   284 | D        | Found an iron altar of Okawaru.
   285 | D        | Became a worshipper of Gozag Ym Sagoz the Greedy
   286 | D        | Found a stormy altar of Qazlal.
   287 | D        | Found a sacrificial altar of Ru.
   288 | D        | Found a deep blue altar of Sif Muna.
   289 | D        | Found a bloodstained altar of Trog.
   290 | D        | Found a hide-covered altar of Uskayaw.
   291 | D        | Found a radiant altar of Vehumet.
   292 | D        | Found an ornate altar of the Wu Jian Council.
   293 | D        | Found a shimmering altar of Xom.
   294 | D        | Found a basalt altar of Yredelemnul.
   295 | D        | Found a glowing silver altar of Zin.
   296 | D        | Found a glowing golden altar of the Shining One.
   518 | D        | Noticed a troll
   518 | D        | Noticed a hungry ghost
   532 | D        | Killed a hungry ghost
   532 | D        | Reached skill level 6 in Fighting
   532 | D        | Reached skill level 5 in Armour
   532 | D        | Reached XP level 6. HP: 53/53 MP: 6/6
   543 | D        | Reached skill level 7 in Fighting
   546 | D        | Killed a troll
   546 | D        | Gained mutation: You have a pair of small antennae on your head. [demonic ancestry]
   546 | D        | Reached XP level 7. HP: 61/61 MP: 7/7
   588 | D        | Noticed a cyclops
   588 | D        | Noticed a centaur warrior
   588 | D        | Noticed a manticore
   597 | D        | Killed an unseen horror
   597 | D        | Reached skill level 9 in Fighting
   597 | D        | Reached XP level 8. HP: 47/71 MP: 8/8
   624 | D        | Killed a manticore
   639 | D        | Killed a centaur warrior
   639 | D        | Reached skill level 10 in Fighting
   639 | D        | Reached skill level 10 in Staves
   639 | D        | Reached skill level 10 in Dodging
   639 | D        | Gained mutation: You have a pair of antennae on your head. [demonic ancestry]
   639 | D        | Reached XP level 9. HP: 33/79 MP: 9/9
   651 | D        | Killed a cyclops
   651 | D        | Reached skill level 11 in Fighting
   867 | D        | Noticed a spiny frog
   867 | D        | Noticed an eight-headed hydra
   871 | D        | Noticed an elephant
   872 | D        | Slain by a 12-headed hydra

Vault maps used:
D:        linesprint

Skill      XL: |  1  2  3  4  5  6  7  8  9 |
---------------+----------------------------+-----
Staves         | 3 4 5 6 7 8 10 | 10.3
Armour         | 1 3 4 5 6 8 9 |  9.9
Dodging        | 3 4 5 6 7 8 10 | 10.3
Fighting       | 4 5 6 7 9 10 11 | 11.0
Throwing       | |  1.7

Action                   |  1- 3 |  4- 6 |  7- 9 || total
-------------------------+-------+-------+-------++-------
Melee: Quarterstaff      |    39 |    20 |       ||    59
       Lajatang          |       |    26 |    65 ||    91
Invok: Call Merchant     |       |       |     1 ||     1
  Use: Potion            |     1 |     1 |     4 ||     6
 Stab: Distracted        |       |     1 |       ||     1
  Eat: Bread ration      |       |       |     1 ||     1
Armor: Leather armour    |    10 |     1 |       ||    11
       Chain mail        |       |    12 |    53 ||    65
Dodge: Dodged            |    16 |    16 |    42 ||    74
